 Dungeon Crawl Stone Soup version 0.27-a0-1196-g3e9cee4cb2 (webtiles) character file.

Game seed: 16738227171768842003

380 bande the Chopper (level 6, -2/57 HPs)
             Began as a Gargoyle Fighter on May 27, 2021.
             Slain by an ogre
             ... wielding a +0 giant club
              (20 damage)
             ... on level 4 of the Dungeon on May 28, 2021.
             The game lasted 00:06:13 (2992 turns).

bande the Chopper (Gargoyle Fighter)                Turns: 2992, Time: 00:06:14

Health: -2/57      AC: 18    Str: 20    XL:     6   Next: 75%
Magic:  6/6        EV:  5    Int:  9    God:
Gold:   215        SH:  9    Dex: 10    Spells: 5/5 levels left

rFire    . . .     SeeInvis .   a - +0 war axe
rCold    . . .     Faith    .   c - +0 kite shield
rNeg     + . .     Spirit   .   g - +0 chain mail
rPois    ∞         Reflect  .   (no helmet)
rElec    +         Harm     .   i - +2 cloak
rCorr    .         Rampage  .   (no gloves)
Will     .....                  f - +0 pair of boots
Stlth    ..........             j - amulet of regeneration
HPRegen  1.19/turn              (no ring)
MPRegen  0.10/turn              (no ring)

@: berserking, very quick
A: sickness immunity, AC +4, negative energy resistance 1, electricity
resistance, torment resistance 1, petrification resistance
a: no special abilities


You were on level 4 of the Dungeon.
You visited 1 branch of the dungeon, and saw 4 of its levels.

You collected 215 gold pieces.

Inventory:

Hand Weapons
 a - a +0 war axe (weapon)
 t - a +0 war axe
Missiles
 b - 5 atropa-tipped darts (quivered)
Armour
 c - a +0 kite shield (worn)
 e - a scarf of resistance
 f - a +0 pair of boots (worn)
 g - a +0 chain mail (worn)
 i - a +2 cloak (worn)
Jewellery
 h - a ring of flight
 j - an amulet of regeneration (around neck)
 n - a ring of willpower
Wands
 r - a wand of polymorph (8)
Scrolls
 m - 3 scrolls of blinking
 o - 2 scrolls of identify
 p - a scroll of enchant weapon {unknown}
Potions
 d - a potion of might
 k - a potion of magic
 l - 2 potions of curing {unknown}
 q - a potion of brilliance {unknown}


   Skills:
 + Level 4.1 Fighting
 + Level 4.5 Axes
 + Level 4.1 Armour
 - Level 0.8 Dodging
 + Level 4.4 Shields
 * Level 1.0 Evocations


You had 5 spell levels left.
You didn't know any spells.
Your spell library was empty.

Dungeon Overview and Level Annotations

Branches:
Dungeon (4/15)
 Temple: D:4-7

Altars:
Elyvilon
Zin

Shops:
D:3 *


Innate Abilities, Weirdness & Mutations

You are immune to sickness and miasma.
Your stone body is resilient. (AC +4)
You are immune to poison.
You resist negative energy. (rN+)
You are resistant to electric shocks. (rElec)
You are resistant to unholy torment.
You are immune to petrification.


Message History

The ball python hisses angrily.
The ball python moves out of view.
A giant cockroach comes into view.
You block the ball python's attack. The ball python barely misses you.
You hit the giant cockroach but do no damage.
You hit the ball python. You block the ball python's attack.
The ball python grabs you. The ball python constricts you.
The giant cockroach bites you but does no damage.
The ball python bites you but does no damage.
The ball python constricts you.
The giant cockroach bites you but does no damage.
You hit the ball python.
The ball python is heavily wounded.
You hit the giant cockroach but do no damage.
The ball python bites you but does no damage.
The ball python constricts you. You block the giant cockroach's attack.
The ball python bites you but does no damage.
The ball python constricts you.
You hit the ball python.
You kill the ball python!
You closely miss the giant cockroach. You block the giant cockroach's attack.
The giant cockroach bites you but does no damage.
A giant cockroach is nearby!
A giant cockroach is nearby!
You slash the giant cockroach!
You kill the giant cockroach!
An ogre comes into view. It is wielding a +0 giant club.
You see here a giant cockroach corpse.
An ogre is nearby!
You hit the ogre.
The ogre is lightly wounded.
The ogre hits you with a +0 giant club!!
You slash the ogre!
The ogre is heavily wounded.
The ogre hits you with a +0 giant club!
* * * LOW HITPOINT WARNING * * *
A red film seems to cover your vision as you go berserk!
You feel yourself moving faster!
You feel mighty!
The ogre hits you with a +0 giant club!!
You die...

##... ##.. #.... ...
##... #..### ########.#
....## ###..#).....
####....####...........
.#....... #.............
.......O# #.|.###.......
.......@###..#......#.÷.
........†#..............
........†............#..
.....###..##........####
.....................###
........#............#..
....#..###...###.##.....
... ##.......##..#####..
#. #....#).## #..


You could see an ogre.

Vanquished Creatures
  A necrophage (D:4)
  A phantom (D:4)
  A scorpion (D:4)
  A hound (D:4)
  A hound skeleton (D:4)
  4 gnolls (D:4)
  2 adders
  3 worms
  2 dart slugs
  2 bats (D:1)
  An endoplasm (D:4)
  2 giant cockroaches
  3 goblins
  3 hobgoblins (D:1)
  14 jackals
  4 kobolds
  A quokka (D:3)
  6 ball pythons
  2 frilled lizards (D:1)
  3 rats
57 creatures vanquished.

Notes
Turn   | Place    | Note
-------+----------+-------------------------------------------
     0 | D:1      | bande the Gargoyle Fighter began the quest for the Orb.
     0 | D:1      | Reached XP level 1. HP: 14/14 MP: 1/1
   261 | D:1      | Found a faded altar of an unknown god.
   339 | D:1      | Reached XP level 2. HP: 9/19 MP: 2/2
   995 | D:2      | Found a white marble altar of Elyvilon.
  1001 | D:2      | Reached XP level 3. HP: 23/23 MP: 3/3
  1318 | D:2      | You fall into a shaft and drop 1 floor!
  1687 | D:3      | Reached XP level 4. HP: 28/28 MP: 4/4
  2178 | D:3      | Found Domnescho's Assorted Antiques.
  2640 | D:4      | Noticed a necrophage
  2655 | D:4      | Reached XP level 5. HP: 28/33 MP: 5/5
  2662 | D:4      | Killed a necrophage
  2693 | D:4      | Reached XP level 6. HP: 32/38 MP: 6/6
  2824 | D:4      | Found a glowing silver altar of Zin.
  2875 | D:4      | Reached skill level 1 in Evocations
  2992 | D:4      | Slain by an ogre

Illustrated notes

Levels and vault maps discovered:
D:1:      wander_arrival_fairy_ring, layout_loops_ring, basic_ecumenical_altar,
          minmay_ruptured
D:2:      layout_basic, basic_altar
D:3:      layout_basic, serial_shops, shop_coins
D:4:      layout_cave_pools, zin_academy, minmay_temple_entry_hall, minivault_4,
          kennysheep_generic_room_11

Skill      XL: |  1  2  3  4  5  6 |
---------------+-------------------+-----
Axes           | 2 3 4 |  4.5
Shields        | 4 |  4.4
Fighting       | 4 |  4.1
Armour         | 4 |  4.1
Evocations     | 1 |  1.0
Dodging        | |  0.8

Action                   |  1- 3 |  4- 6 || total
-------------------------+-------+-------++-------
Melee: War axe           |   134 |   101 ||   235
  Use: Scroll            |     2 |     4 ||     6
       Potion            |     4 |     1 ||     5
Armor: Scale mail        |    52 |       ||    52
       Chain mail        |    59 |    78 ||   137
Dodge: Dodged            |    42 |    31 ||    73
Block: Kite shield       |    86 |    62 ||   148

Table legend: (Time is in decaauts)
 A = Elapsed time spent in this place.
 B = Non-inter-level travel time spent in this place.
 C = Inter-level travel time spent in this place.
 D = Time resting spent in this place.
 E = Time spent auto-exploring this place.
 F = Levels seen in this place.
 G = Mean time per level.
                   A        B        C        D        E       F      G
               +--------+--------+--------+--------+--------+-----+--------+
         Total |   3139 |   3100 |     39 |     28 |   2309 |   4 |  784.8 |
       Dungeon |   3139 |   3100 |     39 |     28 |   2309 |   4 |  784.8 |
               +--------+--------+--------+--------+--------+-----+--------+

Top non-repeatable levels by time:
     D:1: 1022 daAuts
     D:3: 988 daAuts
     D:2: 661 daAuts
     D:4: 467 daAuts
